TOP OF THE 1ST |
Buffalo Bisons batting - Pitching for Rochester Red Wings : RHP Nelson Sanchez
|
Pitching: RHP Nelson Sanchez
|
|
Batting: RHB Juan Villa
|
0-0: Called Strike 0-1: Ball 1-1: Swinging Strike 1-2: Foul Ball, location: 2F 1-2: Ball 2-2: Foul Ball, location: 2F 2-2: Ground out 6-3 (Groundball, 6, EV 101.3 MPH)
|
Batting: LHB Doe Boyland
|
0-0: Ball 1-0: Ball 2-0: Ground out 5-3 (Groundball, 56S, EV 66.9 MPH)
|
Batting: RHB Bill Bathe
|
0-0: Called Strike 0-1: Ball 1-1: Ground out 6-3 (Groundball, 6, EV 88.8 MPH)
|
Top of the 1st over - 0 runs, 0 hits, 0 errors, 0 left on base; Buffalo 0 - Rochester 0 |
BOTTOM OF THE 1ST |
Rochester Red Wings batting - Pitching for Buffalo Bisons : RHP Alex Escano
|
Pitching: RHP Alex Escano
|
|
Batting: RHB Dave Miele
|
0-0: Ball 1-0: SINGLE (Groundball, 6MD, EV 98.1 MPH)
|
Batting: LHB Ed Amelung
|
0-0: Ball 1-0: Grounds into double play, 5-4-3 (Groundball, 5, EV 106.3 MPH)
|
Batting: SHB Jordan Ayala
|
0-0: Called Strike 0-1: Ground out 4-3 (Groundball, 34, EV 101.3 MPH)
|
Bottom of the 1st over - 0 runs, 1 hit, 0 errors, 0 left on base; Buffalo 0 - Rochester 0 |
TOP OF THE 2ND |
Buffalo Bisons batting - Pitching for Rochester Red Wings : RHP Nelson Sanchez
|
Batting: LHB Gary Rajsich
|
0-0: Ground out 1-3 (Groundball, 15, EV 70.0 MPH)
|
Batting: RHB John Seefried
|
0-0: Foul Ball, location: 2F 0-1: Called Strike 0-2: Foul Ball, location: 2F 0-2: Ball 1-2: Ball 2-2: Ball 3-2: Fly out, F8 (Flyball, 8RM, EV 87.5 MPH)
|
Batting: LHB Phillip Baskerville
|
0-0: Ball 1-0: Ball 2-0: Called Strike 2-1: Ball 3-1: Base on Balls
|
Batting: RHB Pat Keedy
|
0-0: Foul Ball, location: 2F 0-1: Ball 1-1: Fielders Choice at 2nd, U4 (Groundball, 4M, EV 86.9 MPH)
|
Top of the 2nd over - 0 runs, 0 hits, 0 errors, 1 left on base; Buffalo 0 - Rochester 0 |
BOTTOM OF THE 2ND |
Rochester Red Wings batting - Pitching for Buffalo Bisons : RHP Alex Escano
|
Batting: RHB Gerry Davis
|
0-0: Foul Ball, location: 2F 0-1: Ball 1-1: Ball 2-1: Foul Ball, location: 2F 2-2: Foul Ball, location: 2F 2-2: SOLO HOME RUN (Flyball, 78XD, EV 102.5 MPH), Distance : 418 ft
|
Batting: RHB Joe Carter
|
0-0: Called Strike 0-1: Fly out, F7 (Flyball, 7LM, EV 90.6 MPH)
|
Batting: RHB Chris Johnston
|
0-0: Ball 1-0: Ball 2-0: Called Strike 2-1: Foul Ball, location: 2F 2-2: Hit by Pitch
|
Batting: LHB Dave Falcone
|
0-0: Ball 1-0: Ball 2-0: Ball 3-0: Called Strike 3-1: 2-RUN HOME RUN (Flyball, 9D, EV 94.4 MPH), Distance : 376 ft
|
Batting: RHB Tom Brookens
|
0-0: Ball 1-0: Called Strike 1-1: Ball 2-1: Foul Ball, location: 2F 2-2: Foul Ball, location: 2F 2-2: Ball 3-2: Strikes out looking
|
Batting: RHB Johnnie LeMaster
|
0-0: Ball 1-0: Foul Ball, location: 2F 1-1: SOLO HOME RUN (Flyball, 7D, EV 101.3 MPH), Distance : 378 ft
|
Batting: RHB Dave Miele
|
0-0: Ball 1-0: Ball 2-0: Ball 3-0: Base on Balls
|
Batting: LHB Ed Amelung
|
0-0: Foul Ball, location: 2F 0-1: Called Strike 0-2: Ball 1-2: Fly out, F7 (Flyball, 7LM, EV 94.4 MPH)
|
Bottom of the 2nd over - 4 runs, 3 hits, 0 errors, 1 left on base; Buffalo 0 - Rochester 4 |
TOP OF THE 3RD |
Buffalo Bisons batting - Pitching for Rochester Red Wings : RHP Nelson Sanchez
|
Batting: LHB Bob Skube
|
0-0: Fly out, F6 (Popup, 6D, EV 69.4 MPH)
|
Batting: RHB Nicholas Kintz
|
0-0: Ball 1-0: Called Strike 1-1: Ball 2-1: Foul Ball, location: 2F 2-2: Foul Ball, location: 2F 2-2: Strikes out swinging
|
Batting: RHB Juan Villa
|
0-0: Ball 1-0: Foul Ball, location: 2F 1-1: Called Strike 1-2: Foul Ball, location: 2F 1-2: Foul Ball, location: 2F 1-2: Ball 2-2: Foul Ball, location: 2F 2-2: Fly out, F8 (Line Drive, 8LD, EV 91.9 MPH)
|
Top of the 3rd over - 0 runs, 0 hits, 0 errors, 0 left on base; Buffalo 0 - Rochester 4 |
BOTTOM OF THE 3RD |
Rochester Red Wings batting - Pitching for Buffalo Bisons : RHP Alex Escano
|
Batting: SHB Jordan Ayala
|
0-0: Ball 1-0: Ball 2-0: Called Strike 2-1: Foul Ball, location: 2F 2-2: Ball 3-2: Fly out, F9 (Flyball, 9S, EV 75.6 MPH)
|
Batting: RHB Gerry Davis
|
0-0: Foul Ball, location: 2F 0-1: Ball 1-1: Ground out 6-3 (Groundball, 6, EV 79.4 MPH)
|
Batting: RHB Joe Carter
|
0-0: Ball 1-0: Called Strike 1-1: Fly out, F6 (Popup, 6, EV 58.8 MPH)
|
Bottom of the 3rd over - 0 runs, 0 hits, 0 errors, 0 left on base; Buffalo 0 - Rochester 4 |
TOP OF THE 4TH |
Buffalo Bisons batting - Pitching for Rochester Red Wings : RHP Nelson Sanchez
|
Batting: LHB Doe Boyland
|
0-0: Ball 1-0: Ground out 4-3 (Groundball, 34D, EV 101.9 MPH)
|
Batting: RHB Bill Bathe
|
0-0: Fly out, F8 (Flyball, 8RD, EV 100.0 MPH)
|
Batting: LHB Gary Rajsich
|
0-0: Called Strike 0-1: Foul Ball, location: 2F 0-2: Ball 1-2: Foul Ball, location: 2F 1-2: Ball 2-2: Foul Ball, location: 2F 2-2: Strikes out swinging
|
Top of the 4th over - 0 runs, 0 hits, 0 errors, 0 left on base; Buffalo 0 - Rochester 4 |
BOTTOM OF THE 4TH |
Rochester Red Wings batting - Pitching for Buffalo Bisons : RHP Alex Escano
|
Batting: RHB Chris Johnston
|
0-0: Ball 1-0: Fly out, F9 (Line Drive, 9, EV 98.1 MPH)
|
Batting: LHB Dave Falcone
|
0-0: Called Strike 0-1: Ball 1-1: Swinging Strike 1-2: Strikes out swinging
|
Batting: RHB Tom Brookens
|
0-0: Called Strike 0-1: Ball 1-1: Ball 2-1: Ball 3-1: Ground out 4-3 (Groundball, 4M, EV 85.0 MPH)
|
Bottom of the 4th over - 0 runs, 0 hits, 0 errors, 0 left on base; Buffalo 0 - Rochester 4 |
TOP OF THE 5TH |
Buffalo Bisons batting - Pitching for Rochester Red Wings : RHP Nelson Sanchez
|
Batting: RHB John Seefried
|
0-0: Called Strike 0-1: Ball 1-1: Ball 2-1: Foul Ball, location: 2F 2-2: Ball 3-2: Strikes out looking
|
Batting: LHB Phillip Baskerville
|
0-0: Called Strike 0-1: Foul Ball, location: 2F 0-2: Ball 1-2: Ground out 5-3 (Groundball, 5D, EV 93.1 MPH)
|
Batting: RHB Pat Keedy
|
0-0: Swinging Strike 0-1: Ball 1-1: Called Strike 1-2: Foul Ball, location: 2F 1-2: Foul Ball, location: 2F 1-2: Strikes out swinging
|
Top of the 5th over - 0 runs, 0 hits, 0 errors, 0 left on base; Buffalo 0 - Rochester 4 |
BOTTOM OF THE 5TH |
Rochester Red Wings batting - Pitching for Buffalo Bisons : RHP Alex Escano
|
Batting: RHB Johnnie LeMaster
|
0-0: Foul Ball, location: 2F 0-1: Swinging Strike 0-2: Ball 1-2: Foul Ball, location: 2F 1-2: SINGLE (Groundball, 4MD, EV 103.1 MPH)
|
Batting: RHB Dave Miele
|
0-0: Bunted foul 0-1: Bunted foul 0-2: SINGLE (Groundball, 4MD, EV 95.6 MPH) Johnnie LeMaster to second Runner from 2nd tries for 3rd, SAFE, throw by CF made to third
|
Batting: LHB Ed Amelung
|
0-0: Ball 1-0: Fielders Choice at 2nd, 4-6 (Groundball, 34, EV 78.1 MPH) Johnnie LeMaster scores
|
Pitching: LHP Richard Graser
|
|
Batting: SHB Jordan Ayala
|
0-0: Ball 1-0: SINGLE (Line Drive, 8RM, EV 96.9 MPH) Ed Amelung to second
|
Batting: RHB Gerry Davis
|
0-0: SINGLE (Line Drive, 4D, EV 100.6 MPH) Ed Amelung to third Jordan Ayala to second Runner from 3rd tries for Home, SAFE, throw by RF to home
|
Batting: RHB Joe Carter
|
0-0: Called Strike 0-1: Ball 1-1: Fielders Choice at 2nd, 5-4 (Groundball, 56, EV 100.0 MPH) Jordan Ayala to third
|
Batting: RHB Chris Johnston
|
0-0: SINGLE (Groundball, 4MD, EV 106.3 MPH) (infield hit) Jordan Ayala scores Joe Carter to second
|
Batting: LHB Dave Falcone
|
0-0: Fly out, F8 (Flyball, 8LD, EV 91.3 MPH)
|
Bottom of the 5th over - 3 runs, 5 hits, 0 errors, 2 left on base; Buffalo 0 - Rochester 7 |
TOP OF THE 6TH |
Buffalo Bisons batting - Pitching for Rochester Red Wings : RHP Nelson Sanchez
|
Batting: LHB Bob Skube
|
0-0: Foul Ball, location: 2F 0-1: Ball 1-1: Ball 2-1: Swinging Strike 2-2: Strikes out swinging
|
Batting: RHB Nicholas Kintz
|
0-0: Ground out 4-3 (Groundball, 4, EV 81.3 MPH)
|
Batting: RHB Juan Villa
|
0-0: Ball 1-0: Called Strike 1-1: Called Strike 1-2: Foul Ball, location: 2F 1-2: Ball 2-2: Fly out, F9 (Flyball, 9D, EV 99.4 MPH)
|
Top of the 6th over - 0 runs, 0 hits, 0 errors, 0 left on base; Buffalo 0 - Rochester 7 |
BOTTOM OF THE 6TH |
Rochester Red Wings batting - Pitching for Buffalo Bisons : LHP Richard Graser
|
Batting: RHB Tom Brookens
|
0-0: Ball 1-0: Ball 2-0: Ball 3-0: Called Strike 3-1: Called Strike 3-2: Strikes out swinging
|
Batting: RHB Johnnie LeMaster
|
0-0: Swinging Strike 0-1: Fly out, F6 (Flyball, 6MD, EV 87.5 MPH)
|
Batting: RHB Dave Miele
|
0-0: Ball 1-0: SINGLE (Groundball, 4S, EV 66.3 MPH) (infield hit)
|
Batting: LHB Ed Amelung
|
0-0: Called Strike 0-1: Ball 1-1: Ball 2-1: Swinging Strike 2-2: Fielders Choice at 2nd, 6-4 (Groundball, 6, EV 80.6 MPH)
|
Bottom of the 6th over - 0 runs, 1 hit, 0 errors, 1 left on base; Buffalo 0 - Rochester 7 |
TOP OF THE 7TH |
Buffalo Bisons batting - Pitching for Rochester Red Wings : RHP Nelson Sanchez
|
Batting: LHB Doe Boyland
|
0-0: Ball 1-0: Ball 2-0: Ball 3-0: Base on Balls
|
Batting: RHB Bill Bathe
|
0-0: Ball 1-0: Called Strike 1-1: Swinging Strike 1-2: SINGLE (Line Drive, 8RS, EV 101.3 MPH) Doe Boyland to second
|
Batting: LHB Gary Rajsich
|
0-0: Ball 1-0: Ball 2-0: Called Strike 2-1: Foul Ball, location: 2F 2-2: Fly out, F8 (Flyball, 89D, EV 79.4 MPH) Runner from 2nd tags up, SAFE at 3rd, no throw by CF
|
Batting: RHB John Seefried
|
0-0: Called Strike 0-1: Swinging Strike 0-2: Ball 1-2: Fly out, F7 (Flyball, 7S, EV 94.4 MPH)
|
Batting: LHB Phillip Baskerville
|
0-0: Ball 1-0: Ball 2-0: Called Strike 2-1: Called Strike 2-2: Fly out, F7 (Flyball, 7S, EV 80.0 MPH)
|
Top of the 7th over - 0 runs, 1 hit, 0 errors, 2 left on base; Buffalo 0 - Rochester 7 |
BOTTOM OF THE 7TH |
Rochester Red Wings batting - Pitching for Buffalo Bisons : LHP Richard Graser
|
Pinch Hitting: LHB Mario Delgado
|
0-0: Called Strike 0-1: Called Strike 0-2: Hit by Pitch
|
Batting: RHB Gerry Davis
|
0-0: Foul Ball, location: 2F 0-1: Ball 1-1: Foul Ball, location: 2F 1-2: Ball 2-2: Ball Mario Delgado steals 2nd base (no throw) 3-2: 2-RUN HOME RUN (Flyball, 7LD, EV 96.3 MPH), Distance : 343 ft
|
Batting: RHB Joe Carter
|
0-0: Called Strike 0-1: Ball 1-1: Ball 2-1: Called Strike 2-2: Ground out 5-3 (Groundball, 56S, EV 73.1 MPH)
|
Batting: RHB Chris Johnston
|
0-0: Foul Ball, location: 2F 0-1: Foul Ball, location: 2F 0-2: Strikes out swinging
|
Batting: LHB Dave Falcone
|
0-0: Ground out 3-1 (Groundball, 34, EV 98.8 MPH)
|
Bottom of the 7th over - 2 runs, 1 hit, 0 errors, 0 left on base; Buffalo 0 - Rochester 9 |
TOP OF THE 8TH |
Buffalo Bisons batting - Pitching for Rochester Red Wings : RHP Nelson Sanchez
|
Now in LF: Mario Delgado
|
|
Batting: RHB Pat Keedy
|
0-0: Foul Ball, location: 2F 0-1: Ball 1-1: Swinging Strike 1-2: Ball 2-2: Ball 3-2: Foul Ball, location: 2F 3-2: Foul Ball, location: 2F 3-2: Base on Balls
|
Batting: LHB Bob Skube
|
0-0: Called Strike 0-1: Ball Wild Pitch! Pat Keedy to second 1-1: SINGLE (Line Drive, 9S, EV 106.3 MPH) Pat Keedy to third Throwing error, E9 Pat Keedy scores Bob Skube to second
|
Batting: RHB Nicholas Kintz
|
0-0: Fly out, F8 (Flyball, 89D, EV 100.0 MPH) Runner from 2nd tags up, SAFE at 3rd, no throw by CF
|
Batting: RHB Juan Villa
|
0-0: Ball 1-0: Ball 2-0: Ball 3-0: Base on Balls
|
Batting: LHB Doe Boyland
|
0-0: 3-RUN HOME RUN (Flyball, 7D, EV 102.5 MPH), Distance : 378 ft
|
Batting: RHB Bill Bathe
|
0-0: Called Strike 0-1: Ball 1-1: Fly out, F3 (Line Drive, 3, EV 73.1 MPH)
|
Batting: LHB Gary Rajsich
|
0-0: Called Strike 0-1: Ball 1-1: Called Strike 1-2: Fly out, F7 (Flyball, 78XD, EV 100.0 MPH)
|
Top of the 8th over - 4 runs, 2 hits, 1 error, 0 left on base; Buffalo 4 - Rochester 9 |
BOTTOM OF THE 8TH |
Rochester Red Wings batting - Pitching for Buffalo Bisons : LHP Richard Graser
|
Pitching: RHP Wade Adamson
|
|
Batting: RHB Tom Brookens
|
0-0: Called Strike 0-1: Foul Ball, location: 2F 0-2: Ball 1-2: Ground out 4-3 (Groundball, 4, EV 103.8 MPH)
|
Batting: RHB Johnnie LeMaster
|
0-0: SOLO HOME RUN (Line Drive, 7D, EV 100.6 MPH), Distance : 376 ft
|
Batting: RHB Dave Miele
|
0-0: Ground out 6-3 (Groundball, 6, EV 104.4 MPH)
|
Batting: LHB Ed Amelung
|
0-0: Ball 1-0: Called Strike 1-1: Swinging Strike 1-2: Ball 2-2: Ball 3-2: Base on Balls
|
Batting: LHB Mario Delgado
|
0-0: Swinging Strike 0-1: Ground out U3 (Groundball, 3L, EV 103.8 MPH)
|
Bottom of the 8th over - 1 run, 1 hit, 0 errors, 1 left on base; Buffalo 4 - Rochester 10 |
TOP OF THE 9TH |
Buffalo Bisons batting - Pitching for Rochester Red Wings : RHP Nelson Sanchez
|
Batting: RHB John Seefried
|
0-0: Ball 1-0: Ball 2-0: Ball 3-0: Base on Balls
|
Pitching: LHP Ray Searage
|
|
Batting: LHB Phillip Baskerville
|
0-0: Ball Passed Ball! John Seefried to second 1-0: Ball 2-0: Foul Ball, location: 2F 2-1: Called Strike 2-2: Strikes out looking
|
Batting: RHB Pat Keedy
|
0-0: Swinging Strike 0-1: Fly out, F8 (Flyball, 8LD, EV 90.0 MPH)
|
Batting: LHB Bob Skube
|
0-0: Foul Ball, location: 2F 0-1: Called Strike 0-2: Ball 1-2: Ground out 1-3 (Groundball, 13, EV 67.5 MPH)
|
Top of the 9th over - 0 runs, 0 hits, 0 errors, 1 left on base; Buffalo 4 - Rochester 10 |
|